AoeStats
← OmarGutieG

Arabia

504437238Analyzed
2v2 RM · 28d ago on Sep 5, 2026· 33m 15s· 4 players
Game mode
Random Map
Map size
Medium (4 player)
Population
200
Speed
Normal
Resources
Standard
Victory
Conquest
Starting age
Dark Age
Ending age
Imperial Age
RankedLock teamsTeams togetherTeam positionsShared explorationLock speedFull tech treeHidden civsTurbo modeCheats
Victory
Defeat
🇲🇽 Magyars · Mexico
1262
+15
🇲🇽 Ethiopians · Mexico
1243
+16
🇮🇳 Persians · India
1312
-18
🇷🇴 Malay · Romania
1170
-13
BombayGypsy
6:22 Loom
8:54 Feudal Age
12:06 Man-at-Arms
14:10 Double-Bit Axe
14:18 Horse Collar
15:36 Forging
17:30 Bloodlines
19:17 Town Watch
25:42 Castle Age
23:58 Gold Mining
25:41 Scale Barding Armor
25:36 Scale Mail Armor
27:11 Chain Barding Armor
29:37 Wheelbarrow
30:55 Town Patrol
31:10 Hand Cart
Telepateu
10:53 Feudal Age
9:36 Loom
11:08 Double-Bit Axe
20:47 Castle Age
19:16 Horse Collar
20:10 Fletching
20:02 Crossbowman
22:58 Pikeman
24:11 Thumb Ring
27:49 Bodkin Arrow
28:04 Forging
31:17 Iron Casting
30:42 Padded Archer Armor
30:59 Heavy Plow
33:15 Wheelbarrow
armigame1
6:24 Loom
9:25 Feudal Age
16:47 Horse Collar
21:13 Castle Age
20:20 Bloodlines
20:19 Scale Barding Armor
20:03 Double-Bit Axe
20:17 Gold Mining
24:41 Chain Barding Armor
29:45 Husbandry
31:29 Bow Saw
OmarGutieG
6:48 Loom
9:23 Feudal Age
14:29 Double-Bit Axe
22:27 Wheelbarrow
24:39 Castle Age
22:47 Fletching
24:50 Padded Archer Armor
24:36 Horse Collar
25:10 Gold Mining
25:43 Bodkin Arrow
25:10 Crossbowman
25:56 Thumb Ring
29:27 Ballistics
30:24 Leather Archer Armor
Connection lost

Rejoining the realm…

Still unreachable

The connection could not be restored.

Session expired

The server has moved on; the page needs a fresh start.